 Dungeon Crawl Stone Soup version 0.17.1-3-g152610e (webtiles) character file.

134 kaze the Ruffian (level 4, -1/44 HPs)
             Began as a Troll Berserker on Mar 10, 2016.
             Was a Believer of Trog.
             Slain by a gnoll
             ... wielding a +1 spear of venom
              (7 damage)
             ... on level 3 of the Dungeon.
             The game lasted 00:03:53 (1857 turns).

kaze the Ruffian (Troll Berserker)                  Turns: 1857, Time: 00:03:53

Health: -1/44      AC:  5    Str: 26    XL:     4   Next: 95%
Magic:  3/3        EV: 10    Int:  3    God:    Trog [**....]
Gold:   144        SH:  0    Dex:  9    Spells: 0 memorised, 3 levels left

rFire  . . .     SeeInvis .     w - +1 flail (holy)
rCold  . . .     Clarity  .     a - +0 animal skin
rNeg   . . .     SustAt   .     (no shield)
rPois  .         Gourm    +     (helmet restricted)
rElec  .         Spirit   .     (no cloak)
rCorr  .         Warding  .     (gloves unavailable)
rMut   .         Stasis   .     (boots unavailable)
MR     .....                    (no amulet)
Stlth  +.........               (no ring)
                                (no ring)

@: lethally poisoned (-1 -> -2), not resistant to hostile enchantments, very
unstealthy
A: unfitting armour, claws 3, fast metabolism 3, gourmand, regeneration 2,
shaggy fur 1, tough skin 2
a: Berserk, Trog's Hand, Burn Spellbooks, Renounce Religion


You were on level 3 of the Dungeon.
You worshipped Trog.
Trog was pleased with you.
You were completely stuffed.

You visited 1 branch of the dungeon, and saw 3 of its levels.

You collected 144 gold pieces.

Inventory:

Hand Weapons
 w - a +1 flail of holy wrath (weapon)
Armour
 a - a +0 animal skin (worn)
Scrolls
 c - a scroll of fog {unknown}
 h - 5 scrolls of identify {unknown}
 i - a scroll of enchant weapon {unknown}
 j - 2 scrolls of recharging {unknown}
 p - a scroll of amnesia {unknown}
 q - a scroll of remove curse {unknown}
 s - a scroll of magic mapping {unknown}
Potions
 e - a potion of lignification {unknown}
 g - 2 potions of cure mutation {unknown}
 k - a potion of heal wounds {unknown}
 l - a potion of might {unknown}
 m - 3 potions of curing {unknown}
 n - 4 potions of poison {unknown}
 o - a potion of degeneration {unknown}
 r - 2 potions of cancellation {unknown}
 u - a potion of brilliance {unknown}
 v - a potion of magic {unknown}
Comestibles
 b - 6 bread rations
 d - 3 fruits
 f - 3 meat rations
 t - 7 chunks of flesh


   Skills:
 + Level 2.9 Fighting
 + Level 0.1 Maces & Flails
 + Level 3.4 Dodging
 + Level 0.5 Stealth
 + Level 4.1 Unarmed Combat


You had 3 spell levels left.
You didn't know any spells.

Dungeon Overview and Level Annotations

Branches:
Dungeon (3/15)

Altars:
Okawaru
Vehumet


Innate Abilities, Weirdness & Mutations

You are too large for most types of armour.
You have claws for hands.
Your metabolism is lightning-fast.
You like to eat raw meat.
You heal very quickly.
You are covered in fur (AC +1).
You have very tough skin (AC +2).


Message History

A gnoll comes into view. It is wielding a spear.
The gnoll shouts!
You hit the gnoll.
The gnoll is severely wounded.
The gnoll hits you but does no damage. The gnoll closely misses you.
You barely miss the gnoll.
The gnoll is severely wounded.
The gnoll hits you with a whip!
The gnoll hits you from afar with a spear of venom.
The gnoll hits you with a whip!
You sock the gnoll!
You kill the gnoll!
Trog accepts your kill. The gnoll closely misses you.
The gnoll hits you but does no damage.
You are poisoned.
You feel sick.
The gnoll hits you from afar with a spear!
* * * LOW HITPOINT WARNING * * *
The gnoll hits you with a spear of venom!
You die...

#..........##..#..#
#.#...#.#####......
#.##.#..# #.#.### #.
#.#.## #.#.# #. #.#.#
#.#.# !#####.##.#.#
###.#.### ..........#.#
#<....... .......#.##.#
#.#.#.###
####..@....####.#.#.###
##g#................
#g#.####.######.###
..#.# #.# #.# # ####.#
#.# #.# # #.## #.# #.#
# ####..# #.# #.# #
......###.######.# #
#.#####............# #


You could see 2 gnolls.

Vanquished Creatures
  3 gnolls (D:3)
  5 adders (D:2)
  A worm (D:2)
  4 giant geckos
  8 bats
  A giant cockroach (D:1)
  7 hobgoblins
  7 giant newts
  4 goblins
  6 jackals
  5 kobolds
  6 rats
57 creatures vanquished.

Notes
Turn   | Place    | Note
--------------------------------------------------------------
     0 | D:1      | kaze the Troll Berserker began the quest for the Orb.
     0 | D:1      | Reached XP level 1. HP: 22/22 MP: 0/0
   318 | D:1      | Reached XP level 2. HP: 27/29 MP: 1/1
   697 | D:2      | Reached XP level 3. HP: 36/36 MP: 2/2
   715 | D:2      | Reached ** piety under Trog
   832 | D:2      | Found an iron altar of Okawaru.
  1023 | D:2      | Reached XP level 4. HP: 36/44 MP: 3/3
  1089 | D:2      | Found a faded altar to an unknown god.
  1293 | D:2      | Found a radiant altar of Vehumet.
  1712 | D:3      | Reached skill level 4 in Unarmed Combat
  1857 | D:3      | Slain by a gnoll

Action                   |  1- 3 |  4- 6 || total
-------------------------+-------+-------++-------
Melee: Unarmed           |    79 |    49 ||   128
       Flail             |       |    19 ||    19
 Stab: Sleeping          |     2 |     1 ||     3
  Eat: Chunk             |     8 |    15 ||    23
